 Dungeon Crawl Stone Soup version 0.20-a0-1093-g7ae0f1a (webtiles) character file.

134 MatthieuS the Slasher (level 4, -1/41 HPs)
             Began as a Minotaur Berserker on May 4, 2017.
             Was a Believer of Trog.
             Killed from afar by an orc wizard (3 damage)
             ... with a puff of frost
             ... on level 3 of the Dungeon.
             The game lasted 00:05:31 (1739 turns).

MatthieuS the Slasher (Minotaur Berserker)          Turns: 1739, Time: 00:05:33

Health: -1/41      AC:  5    Str: 21    XL:     4   Next: 95%
Magic:  3/3        EV: 11    Int:  4    God:    Trog [**....]
Gold:   90         SH:  0    Dex: 11    Spells: 3/3 levels left

rFire    . . .     SeeInvis .   a - +0 falchion
rCold    . . .     Gourm    .   (no shield)
rNeg     . . .     Faith    .   p - +0 ring mail
rPois    .         Spirit   .   (helmet restricted)
rElec    .         Reflect  .   (no cloak)
rCorr    .         Harm     .   (no gloves)
MR       .....                  (no boots)
Stlth    +.........             (no amulet)
Regen    0.2/turn               (no ring)
MPRegen  0.1/turn               (no ring)

@: slowed, very slow
A: retaliatory headbutt, horns 2
a: Berserk, Trog's Hand, Burn Spellbooks, Renounce Religion


You were on level 3 of the Dungeon.
You worshipped Trog.
Trog was pleased with you.
You were not hungry.

You visited 1 branch of the dungeon, and saw 3 of its levels.

You collected 90 gold pieces.

Inventory:

Hand Weapons
 a - a +0 falchion (weapon)
Armour
 p - a +0 ring mail (worn)
Scrolls
 b - a scroll of teleportation {unknown}
 e - a scroll of noise
 g - a scroll of magic mapping {unknown}
 j - 2 scrolls of identify
 l - 2 scrolls of enchant weapon {unknown}
 o - a scroll of random uselessness {unknown}
Potions
 d - a potion of curing {unknown}
 f - a potion of magic {unknown}
 h - 2 potions of heal wounds {unknown}
 i - a potion of cancellation {unknown}
 m - 3 potions of might {unknown}
 n - a potion of mutation {unknown}
Comestibles
 c - 3 bread rations
 k - 2 chunks of flesh


   Skills:
 + Level 4.9 Fighting
 * Level 5.9 Long Blades
 - Level 2.4 Armour
 - Level 2.1 Dodging


You had 3 spell levels left.
You didn't know any spells.

Dungeon Overview and Level Annotations

Branches:
Dungeon (3/15)

Altars:
Ru
Uskayaw


Innate Abilities, Weirdness & Mutations

You reflexively headbutt those who attack you in melee.
You have a pair of horns on your head.


Message History

You hear some strange, mumbled words.
A puff of flame appears from out of thin air!
The puff of flame hits you!
* * * LOW HITPOINT WARNING * * *
You barely miss something. The orc misses you. You furiously retaliate!
You headbutt the orc!!
You kill the orc!
Trog accepts your kill. The orc hits you with a club.
* * * LOW HITPOINT WARNING * * *
Something hits you but does no damage.
You see here a kobold corpse.
You feel a strong urge to attack something.
You are no longer berserk.
You are exhausted.
You feel yourself slow down.
You hear some strange, mumbled words.
A puff of frost appears from out of thin air!
The puff of frost hits you!
You die...

############
##..........#
##............
#.............
###........>....
#.......<.......
#<.....@........
###....o†.........
......)g{.........
.##...)[.†.......#
#.......#########
#......##. .).....
.. #...... ...
....... )...


You could see an orc and a hobgoblin.

Vanquished Creatures
  An orc wizard (D:3)
  4 adders
  2 oozes
  A worm (D:2)
  A dart slug (D:1)
  2 leopard geckos
  6 orcs (D:3)
  9 goblins
  4 hobgoblins
  6 jackals
  6 kobolds
  3 bats
  2 frilled lizards
  5 rats
52 creatures vanquished.

Notes
Turn   | Place    | Note
-------+----------+-------------------------------------------
     0 | D:1      | MatthieuS the Minotaur Berserker began the quest for the Orb.
     0 | D:1      | Reached XP level 1. HP: 19/19 MP: 0/0
   130 | D:1      | Reached skill level 4 in Long Blades
   132 | D:1      | Reached XP level 2. HP: 10/27 MP: 1/1
   829 | D:2      | Reached XP level 3. HP: 33/33 MP: 2/2
   932 | D:2      | Found a sacrificial altar of Ru.
  1011 | D:2      | Reached ** piety under Trog
  1062 | D:2      | Reached skill level 5 in Long Blades
  1288 | D:2      | Reached XP level 4. HP: 41/41 MP: 3/3
  1348 | D:2      | Found a hide-covered altar of Uskayaw.
  1736 | D:3      | HP: 3/61 [something/puff of flame (7)]
  1739 | D:3      | Killed from afar by an orc wizard

Vault maps used:
D:1:      minmay_arrival_shoal_huts, minmay_small_reverse_x
D:2:      lemuel_round_altar, minmay_misc_feat_plants, hangedman_decor_growths,
          nicolae_ru_sacrificial_ziggurat
D:3:      first_bread

Skill      XL: |  1  2  3 |
---------------+----------+-----
Long Blades    | 4 5 |  5.9
Fighting       | 4 |  4.9
Armour         | |  2.4
Dodging        | |  2.1

Action                   |  1- 3 |  4- 6 || total
-------------------------+-------+-------++-------
Melee: Falchion          |    63 |    30 ||    93
       Headbutt          |    12 |     8 ||    20
Invok: Burn Spellbooks   |       |     1 ||     1
       Berserk           |       |     1 ||     1
  Use: Scroll            |     4 |       ||     4
  Eat: Chunk             |     1 |     2 ||     3
Armor: Animal skin       |     2 |       ||     2
       Leather armour    |    10 |       ||    10
       Ring mail         |     1 |    20 ||    21
Dodge: Dodged            |    51 |    21 ||    72
       Rpst.: Falchion   |    11 |    10 ||    21
